 Dungeon Crawl Stone Soup version 0.24-a0-443-g80245de385 (console) character file.

Game seed: 3260382788828436485

12554 Lexodia the Martial Artist (level 11, 0/92 HPs)
             Began as a Gnoll Transmuter on June 21, 2019.
             Was an Initiate of Gozag.
             Slain by a yak (16 damage)
             ... on level 2 of the Lair of Beasts.
             The game lasted 00:32:05 (11357 turns).

Lexodia the Martial Artist (Gnoll Transmuter)      Turns: 11357, Time: 00:32:06

Health: 0/92       AC:  6    Str: 13    XL:     11   Next: 95%
Magic:  19/23      EV: 18    Int: 20    God:    Gozag
Gold:   1378       SH:  0    Dex: 16    Spells: 11/26 levels left

rFire    . . .     SeeInvis .     - Unarmed
rCold    . . .     Gourm    .   (shield currently unavailable)
rNeg     . . .     Faith    .   y - +0 robe
rPois    .         Spirit   .   (no helmet)
rElec    .         Reflect  .   o - scarf {cloud immunity}
rCorr    .         Harm     +   (gloves currently unavailable)
MR       .....     Rnd*Tele +   (no boots)
Stlth    +++.......             L - amulet of harm
HPRegen  0.25/turn              e - +3 ring of protection
MPRegen  0.18/turn              M - ring of teleportation

@: blade hands, gold aura
A: distributed training, fangs 1, talons 1, clever 1, robust 1, shaggy fur 1,
strong nose
a: End Transformation, Potion Petition, Call Merchant, Bribe Branch, Renounce
Religion


You were on level 2 of the Lair of Beasts.
You worshipped Gozag.
Gozag was most pleased with you.
You were not hungry.
You had blades for hands.
You visited 2 branches of the dungeon, and saw 12 of its levels.

You collected 1534 gold pieces.
You paid 156 gold pieces to Gozag.

Inventory:

Missiles
 a - 79 arrows
 j - 47 poisoned darts (quivered)
 k - 7 atropa-tipped darts
Armour
 o - a scarf of cloud immunity (worn)
 x - a +1 pair of gloves (melded)
 y - a +0 robe (worn)
 C - a +0 cloak
Jewellery
 e - a +3 ring of protection (left scythe-like blade)
 l - an uncursed ring of protection from magic
 m - a +3 amulet of reflection
 r - an uncursed ring of fire
 E - an uncursed ring of ice
 L - an amulet of harm (around neck)
 M - a ring of teleportation (right scythe-like blade)
Wands
 h - a wand of acid (14)
 i - a wand of flame (11)
 w - a wand of polymorph (20)
 B - a wand of digging (5)
 D - a wand of iceblast (25)
 F - a wand of random effects (10)
Scrolls
 b - a scroll of fog
 g - 5 scrolls of remove curse
 n - 3 scrolls of teleportation
 u - 2 scrolls of enchant weapon
 H - a scroll of fear
Potions
 c - 3 potions of lignification
 p - a potion of berserk rage
 q - 2 potions of heal wounds
 s - 3 potions of flight
 t - a potion of might {unknown}
 v - 6 potions of curing
 J - 3 potions of agility
 K - a potion of magic {unknown}
Miscellaneous
 f - a lamp of fire
Comestibles
 d - 12 rations


   Skills:
 + Level 7.2 Fighting
 + Level 6.6 Short Blades
 + Level 6.6 Long Blades
 + Level 6.6 Axes
 + Level 6.6 Maces & Flails
 + Level 6.6 Polearms
 + Level 6.6 Staves
 + Level 6.6 Slings
 + Level 6.6 Bows
 + Level 6.6 Crossbows
 + Level 6.6 Throwing
 + Level 6.6 Armour
 + Level 8.1 Dodging
 + Level 6.6 Stealth
 + Level 6.6 Shields
 + Level 9.4 Unarmed Combat
 + Level 8.4 Spellcasting
 + Level 5.5 Conjurations
 + Level 5.5 Hexes
 + Level 5.5 Charms
 + Level 5.5 Summonings
 + Level 5.5 Necromancy
 + Level 5.5 Translocations
 + Level 6.8 Transmutations
 + Level 5.5 Fire Magic
 + Level 5.5 Ice Magic
 + Level 5.5 Air Magic
 + Level 5.5 Earth Magic
 + Level 5.5 Poison Magic
 + Level 7.3 Invocations
 + Level 6.6 Evocations


You had 11 spell levels left.
You knew the following spells:

 Your Spells              Type           Power        Failure   Level  Hunger
a - Beastly Appendage     Tmut           #####.       12%         1    None
b - Sticks to Snakes      Tmut           #####...     13%         2    None
c - Spider Form           Tmut/Pois      ####......   21%         3    None
d - Blade Hands           Tmut           #####.....   54%         5    #####..
e - Petrify               Tmut/Erth      ####....     36%         4    ###....

Your spell library contained the following spells:

 Spells                   Type           Power        Failure   Level  Hunger
 Confusing Touch          Hex            ####..       14%         1    None
 Confuse                  Hex            ####....     24%         3    None
 Gell's Gravitas          Tloc           ####......   24%         3    None
 Ice Form                 Ice/Tmut       ####....     36%         4    ###....
 Yara's Violent Unravell  Hex/Tmut       ####......   61%         5    #####..
 Metabolic Englaciation   Hex/Ice        ####......   67%         5    #####..


Dungeon Overview and Level Annotations

Branches:
Dungeon (10/15)            Temple (0/1) D:7            Lair (2/6) D:10
    Orc (0/2) D:9
  Swamp: Lair:2-4    Shoals: Lair:2-4     Snake: Lair:2-4    Spider: Lair:2-4

Altars:
Dithmenos
Gozag
Kikubaaqudgha
Okawaru
Uskayaw
Zin
Beogh

Annotations:
D:9 1 transporter, hemabe's ghost, novice HuAr
Lair:2 2 runed translucent doors


Innate Abilities, Weirdness & Mutations

Your experience applies equally to all skills.
You have very sharp teeth.
Your uncanny sense of smell can sniff out nearby items.
You have sharp toenails.
Your mind is acute. (Int +2)
You are robust. (+10% HP)
You are covered in fur. (AC +1)


Message History

Damage: -2%(-2hp) hp: 34%(31hp)
You slash the yak!
The yak is moderately wounded.
The yak misses you. The yak gores you!
* * * LOW HITPOINT WARNING * * *
Huge Dmg: -14%(-13hp) hp: 20%(18hp)
Press: ? - help, v - describe, . - travel
Here: a yak (lightly wounded)
The floor.
You completely miss the yak.
The yak is moderately wounded.
The yak closely misses you. The yak gores you.
* * * LOW HITPOINT WARNING * * *
Damage: -2%(-2hp) hp: 18%(16hp) Unknown command.
You slash the yak! You bite the yak, but do no damage.
The yak is severely wounded.
The yak gores you!
You die...
Your body crumbles into a pile of gold.

P##.######!#.P.P.P##.....
##### #####P#### .....
### ..... .. ### ..
#############.##### ....
P#.#..##.##..#.#.P##.....
.................$$......
................@$.......
................YY.......
.........................
...#######.######.....P##
#### ### ##....P# ..(...#
....### ....#


You could see 2 yaks.

Vanquished Creatures
  Harold (D:8)
  A two-headed ogre (D:10)
  A wolf spider (Lair:1)
  A black mamba (Lair:1)
  Joseph (D:7)
  5 spiny frogs
  2 komodo dragons
  A slime creature (D:7)
  A hornet (D:7)
  Sigmund (D:5)
  A wyvern (Lair:1)
  4 yaks
  2 basilisks (Lair:1)
  A hungry ghost (D:9)
  Menkaure (D:5)
  Edmund (D:6)
  3 water moccasins (Lair:1)
  5 orc warriors
  3 ice beasts
  5 porcupines
  3 sky beasts
  4 ogres
  3 black bears (D:10)
  A necrophage (D:5)
  9 wolves
  A phantom (D:4)
  2 crocodiles
  2 centaurs
  5 bullfrogs
  A wyvern skeleton (D:8)
  A scorpion (D:10)
  4 killer bees
  3 wights (D:6)
  A howler monkey (D:8)
  3 crimson imps
  8 hounds
  2 quasits
  2 centaur zombies
  3 orc priests
  5 bullfrog skeletons
  5 jellies (D:7)
  Jessica (D:3)
  2 iguanas (D:10)
  2 orc wizards
  Natasha (thrice) (D:3)
  5 worker ants
  A hound skeleton (D:5)
  2 worker ant zombies
  4 gnolls
  21 adders
  3 shadow imps
  15 oozes
  An adder zombie (D:9)
  4 worms
  5 dart slugs
  A leopard gecko (D:7)
  19 orcs
  5 giant cockroaches
  11 goblins
  8 hobgoblins
  6 jackals
  8 kobolds
  3 quokkas
  8 bats
  4 frilled lizards
  A quokka zombie (D:5)
  3 rats
  A fungus (D:7)
256 creatures vanquished.

Vanquished Creatures (collateral kills)
  2 hippogriffs (D:10)
  An ice beast (D:6)
  A crocodile (Lair:1)
  A gnoll sergeant (D:9)
  2 killer bees
  An orc wizard (D:6)
  2 adders
  5 gnolls (D:9)
  2 orcs (D:6)
  A bat (D:2)
18 creatures vanquished.

Vanquished Creatures (others)
  29 fungi
  11 plants
40 creatures vanquished.

Grand Total: 314 creatures vanquished

Notes
Turn   | Place    | Note
-------+----------+-------------------------------------------
     0 | D:1      | Lexodia the Gnoll Transmuter began the quest for the Orb.
     0 | D:1      | Reached XP level 1. HP: 17/17 MP: 6/6
    30 | D:1      | Huge Dmg: 8 dmg
    33 | D:1      | Reached XP level 2. HP: 12/23 MP: 5/7
    40 | D:1      | Learned a level 2 spell: Sticks to Snakes
   297 | D:1      | Reached XP level 3. HP: 25/28 MP: 9/9
   319 | D:1      | Reached skill level 5 in Spellcasting
   406 | D:1      | Learned a level 3 spell: Spider Form
   610 | D:1      | Reached skill level 1 in Invocations
   790 | D:2      | Huge Dmg: 5 dmg
   846 | D:2      | Reached skill level 1 in Short Blades
   846 | D:2      | Reached skill level 1 in Long Blades
   846 | D:2      | Reached skill level 1 in Axes
   846 | D:2      | Reached skill level 1 in Maces & Flails
   846 | D:2      | Reached skill level 1 in Polearms
   846 | D:2      | Reached skill level 1 in Staves
   846 | D:2      | Reached skill level 1 in Slings
   846 | D:2      | Reached skill level 1 in Bows
   846 | D:2      | Reached skill level 1 in Crossbows
   846 | D:2      | Reached skill level 1 in Throwing
   846 | D:2      | Reached skill level 1 in Armour
   846 | D:2      | Reached skill level 1 in Stealth
   846 | D:2      | Reached skill level 1 in Shields
   846 | D:2      | Reached skill level 1 in Evocations
   924 | D:2      | Reached XP level 4. HP: 33/34 MP: 8/11
  1312 | D:2      | Huge Dmg: 12 dmg
  1313 | D:2      | Huge Dmg: 5 dmg
  1317 | D:2      | Huge Dmg: 5 dmg
  1318 | D:2      | HP: 1/34 [gnoll/cursed +0 spear (8)]
  1319 | D:2      | Huge Dmg: 8 dmg
  1322 | D:2      | Reached skill level 1 in Conjurations
  1322 | D:2      | Reached skill level 1 in Hexes
  1322 | D:2      | Reached skill level 1 in Charms
  1322 | D:2      | Reached skill level 1 in Summonings
  1322 | D:2      | Reached skill level 1 in Necromancy
  1322 | D:2      | Reached skill level 1 in Translocations
  1322 | D:2      | Reached skill level 1 in Fire Magic
  1322 | D:2      | Reached skill level 1 in Ice Magic
  1322 | D:2      | Reached skill level 1 in Air Magic
  1322 | D:2      | Reached skill level 1 in Earth Magic
  1322 | D:2      | Reached skill level 1 in Poison Magic
  1644 | D:3      | Reached XP level 5. HP: 39/40 MP: 8/12
  1896 | D:3      | Noticed Jessica
  1901 | D:3      | Killed Jessica
  1918 | D:3      | Noticed Natasha
  1929 | D:3      | Killed Natasha
  1930 | D:3      | Noticed Natasha
  1937 | D:3      | Huge Dmg: 11 dmg
  1943 | D:3      | Killed Natasha
  1943 | D:3      | Reached XP level 6. HP: 23/47 MP: 11/13
  1998 | D:3      | Noticed Natasha
  2004 | D:3      | Huge Dmg: 8 dmg
  2005 | D:3      | Huge Dmg: 5 dmg
  2006 | D:3      | Huge Dmg: 7 dmg
  2009 | D:3      | Killed Natasha
  2239 | D:3      | Found an iron altar of Okawaru.
  2579 | D:4      | Reached skill level 5 in Dodging
  2656 | D:4      | Huge Dmg: 24 dmg
  2671 | D:4      | Reached XP level 7. HP: 21/52 MP: 13/15
  2716 | D:4      | You fall into a shaft and drop 3 floors!
  2719 | D:7      | Noticed a hornet
  2729 | D:7      | Huge Dmg: 15 dmg
  2731 | D:7      | Killed a hornet
  2731 | D:7      | Reached skill level 7 in Unarmed Combat
  3167 | D:6      | Huge Dmg: 18 dmg
  3430 | D:6      | Gained mutation: You are covered in fur. (AC +1) [potion of
                  | mutation]
  3430 | D:6      | Gained mutation: You are robust. (+10% HP) [potion of
                  | mutation]
  3430 | D:6      | Gained mutation: You have sharp toenails. [potion of
                  | mutation]
  3430 | D:6      | Gained mutation: Your mind is acute. (Int +2) [potion of
                  | mutation]
  3459 | D:6      | Reached XP level 8. HP: 66/66 MP: 16/16
  3750 | D:6      | Noticed Edmund
  3765 | D:6      | Killed Edmund
  3823 | D:6      | Huge Dmg: 16 dmg
  3832 | D:6      | Huge Dmg: 12 dmg
  4134 | D:5      | Entered Level 5 of the Dungeon
  4377 | D:5      | Noticed Menkaure
  4388 | D:5      | Huge Dmg: 17 dmg
  4389 | D:5      | Killed Menkaure
  4455 | D:5      | Reached XP level 9. HP: 57/72 MP: 18/18
  4523 | D:5      | Learned a level 5 spell: Blade Hands
  4576 | D:5      | Reached skill level 5 in Transmutations
  4619 | D:5      | Found a hide-covered altar of Uskayaw.
  4619 | D:5      | Found an iron altar of Okawaru.
  4679 | D:5      | Noticed Sigmund
  4694 | D:5      | Killed Sigmund
  5574 | D:7      | Noticed Joseph
  5599 | D:7      | Killed Joseph
  5599 | D:7      | Reached skill level 5 in Fighting
  5740 | D:7      | Reached skill level 8 in Unarmed Combat
  5980 | D:7      | Found a staircase to the Ecumenical Temple.
  6048 | D:7      | Reached skill level 5 in Invocations
  6089 | D:7      | Found a glowing silver altar of Zin.
  6089 | D:7      | Found an opulent altar of Gozag.
  6089 | D:7      | Found a shadowy altar of Dithmenos.
  6096 | D:7      | Became a worshipper of Gozag Ym Sagoz the Greedy
  6209 | D:8      | Reached XP level 10. HP: 81/81 MP: 20/20
  6416 | D:8      | Noticed Harold
  6421 | D:8      | Huge Dmg: 22 dmg
  6422 | D:8      | Huge Dmg: 10 dmg
  6423 | D:8      | Huge Dmg: 10 dmg
  6430 | D:8      | Huge Dmg: 11 dmg
  6436 | D:8      | Killed Harold
  6436 | D:8      | Reached skill level 5 in Short Blades
  6436 | D:8      | Reached skill level 5 in Long Blades
  6436 | D:8      | Reached skill level 5 in Axes
  6436 | D:8      | Reached skill level 5 in Maces & Flails
  6436 | D:8      | Reached skill level 5 in Polearms
  6436 | D:8      | Reached skill level 5 in Staves
  6436 | D:8      | Reached skill level 5 in Slings
  6436 | D:8      | Reached skill level 5 in Bows
  6436 | D:8      | Reached skill level 5 in Crossbows
  6436 | D:8      | Reached skill level 5 in Throwing
  6436 | D:8      | Reached skill level 5 in Armour
  6436 | D:8      | Reached skill level 5 in Stealth
  6436 | D:8      | Reached skill level 5 in Shields
  6436 | D:8      | Reached skill level 5 in Evocations
  7035 | D:9      | Huge Dmg: 17 dmg
  7112 | D:9      | Found a staircase to the Orcish Mines.
  7143 | D:9      | Found a roughly hewn altar of Beogh.
  7292 | D:9      | Found a transporter.
  7295 | D:9      | Noticed hemabe's ghost (novice HuAr)
  7295 | D:9      | Identified the +2 great mace "Ultimatum" {crush, rC+ Int+2
                  | Dex+5}
  7295 | D:9      | Noticed a two-headed ogre
  7301 | D:9      | Noticed a two-headed ogre
  7746 | D:9      | Found an ancient bone altar of Kikubaaqudgha.
  8133 | D:10     | Entered Level 10 of the Dungeon
  8324 | D:10     | Huge Dmg: 12 dmg
  8325 | D:10     | Huge Dmg: 15 dmg
  8343 | D:10     | Huge Dmg: 9 dmg
  8676 | D:10     | Huge Dmg: 11 dmg
  8949 | D:10     | Found a staircase to the Lair.
  8963 | D:10     | Huge Dmg: 18 dmg
  8967 | D:10     | Huge Dmg: 16 dmg
  8969 | D:10     | Huge Dmg: 17 dmg
  9127 | D:10     | Noticed a two-headed ogre
  9142 | D:10     | Huge Dmg: 22 dmg
  9143 | D:10     | Killed a two-headed ogre
  9143 | D:10     | Reached XP level 11. HP: 46/91 MP: 16/22
  9684 | Lair:1   | Entered Level 1 of the Lair of Beasts
  9696 | Lair:1   | Reached skill level 9 in Unarmed Combat
  9707 | Lair:1   | Reached skill level 5 in Conjurations
  9707 | Lair:1   | Reached skill level 5 in Hexes
  9707 | Lair:1   | Reached skill level 5 in Charms
  9707 | Lair:1   | Reached skill level 5 in Summonings
  9707 | Lair:1   | Reached skill level 5 in Necromancy
  9707 | Lair:1   | Reached skill level 5 in Translocations
  9707 | Lair:1   | Reached skill level 5 in Fire Magic
  9707 | Lair:1   | Reached skill level 5 in Ice Magic
  9707 | Lair:1   | Reached skill level 5 in Air Magic
  9707 | Lair:1   | Reached skill level 5 in Earth Magic
  9707 | Lair:1   | Reached skill level 5 in Poison Magic
  9939 | Lair:1   | Noticed a wolf spider
  9948 | Lair:1   | Killed a wolf spider
 10043 | Lair:1   | Huge Dmg: 14 dmg
 10540 | Lair:1   | Learned a level 4 spell: Petrify
 10554 | Lair:1   | Huge Dmg: 19 dmg
 11179 | Lair:2   | Found a large runed translucent door.
 11179 | Lair:2   | Found a large runed translucent door.
 11210 | Lair:2   | Huge Dmg: 13 dmg
 11348 | Lair:2   | Huge Dmg: 15 dmg
 11356 | Lair:2   | Huge Dmg: 13 dmg
 11357 | Lair:2   | Slain by a yak

Levels and vault maps discovered:
D:1:      onia_arrival_pyramid, layout_basic, hex_intersection
D:2:      layout_loops_cross, first_ration
D:3:      layout_basic, okawaru_metal_pillars_1_2, uniq_natasha, uniq_jessica
D:4:      layout_basic
D:5:      layout_loops_corners, chequers_temple_overflow_statue_of_worship,
          minmay_checkerbox, uniq_menkaure, uniq_sigmund
D:6:      layout_basic, corexii_leaking_fountain, chequers_garden, minivault_24,
          uniq_edmund
D:7:      lemuel_slime, layout_basic, gammafunk_temple_overflow_forgotten,
          temple_green, uniq_joseph
D:8:      layout_rooms, uniq_harold
D:9:      layout_basic, lemuel_coloured_pillars_altar,
          minmay_orc_entry_temple_small, gammafunk_ghost_smash
D:10:     layout_irregular_city, due_lair_maze_entry_diamond, serial_glass,
          glass_columns_a, glass_columns_a, grunt_pizzeria,
          kennysheep_generic_room_12
Lair:1:   minmay_lair_venomous_thicket, layout_big_grid
Lair:2:   layout_long_grid, ebering_ghost_disaster_area,
          infiniplex_staircase_pool, minmay_lair_oklob_chamber

Skill      XL: |  1  2  3  4  5  6  7  8  9 10 11 |
---------------+----------------------------------+-----
Spellcasting   | 5 6 7 8 |  8.4
Invocations    | 1 2 3 4 5 6 7 |  7.3
Short Blades   | 1 2 3 4 5 6 |  6.6
Long Blades    | 1 2 3 4 5 6 |  6.6
Axes           | 1 2 3 4 5 6 |  6.6
Maces & Flails | 1 2 3 4 5 6 |  6.6
Polearms       | 1 2 3 4 5 6 |  6.6
Staves         | 1 2 3 4 5 6 |  6.6
Slings         | 1 2 3 4 5 6 |  6.6
Bows           | 1 2 3 4 5 6 |  6.6
Crossbows      | 1 2 3 4 5 6 |  6.6
Throwing       | 1 2 3 4 5 6 |  6.6
Armour         | 1 2 3 4 5 6 |  6.6
Stealth        | 1 2 3 4 5 6 |  6.6
Shields        | 1 2 3 4 5 6 |  6.6
Evocations     | 1 2 3 4 5 6 |  6.6
Conjurations   | 1 2 3 4 5 |  5.5
Hexes          | 1 2 3 4 5 |  5.5
Charms         | 1 2 3 4 5 |  5.5
Summonings     | 1 2 3 4 5 |  5.5
Necromancy     | 1 2 3 4 5 |  5.5
Translocations | 1 2 3 4 5 |  5.5
Fire Magic     | 1 2 3 4 5 |  5.5
Ice Magic      | 1 2 3 4 5 |  5.5
Air Magic      | 1 2 3 4 5 |  5.5
Earth Magic    | 1 2 3 4 5 |  5.5
Poison Magic   | 1 2 3 4 5 |  5.5
Fighting       | 3 4 5 6 7 |  7.2
Transmutations | 4 5 6 |  6.8
Dodging        | 5 6 7 8 |  8.1
Unarmed Combat | 7 8 9 |  9.4

Action                   |  1- 3 |  4- 6 |  7- 9 | 10-12 || total
-------------------------+-------+-------+-------+-------++-------
Melee: Unarmed           |    79 |   128 |   303 |   416 ||   926
       Headbutt          |     2 |       |     1 |     6 ||     9
       Bite              |     1 |     5 |    19 |    27 ||    52
       Punch             |       |     3 |     6 |    11 ||    20
       Kick              |       |       |    40 |    85 ||   125
Throw: Dart              |       |       |       |    59 ||    59
 Cast: Beastly Appendage |     2 |       |     1 |     8 ||    11
       Sticks to Snakes  |     5 |       |    12 |    43 ||    60
       Spider Form       |     1 |     9 |    17 |    12 ||    39
       Blade Hands       |       |       |       |     7 ||     7
Evoke: Lamp of fire      |       |       |     1 |       ||     1
  Use: Scroll            |       |     1 |    12 |     6 ||    19
       Potion            |       |       |     1 |     1 ||     2
 Stab: Sleeping          |     5 |     3 |     7 |     2 ||    17
       Distracted        |       |       |     1 |     6 ||     7
       Invisible         |       |       |       |     4 ||     4
  Eat: Chunk             |       |     6 |    11 |       ||    17
       Ration            |       |       |       |     7 ||     7
Armor: Robe              |    16 |     6 |    37 |    69 ||   128
       Skin              |       |     7 |    10 |     3 ||    20
Dodge: Dodged            |    59 |   105 |   196 |   375 ||   735
Block: Other             |       |       |    11 |    39 ||    50

Table legend:
 A = Non-vault XP
 B = Vault XP
 C = Vault XP percentage of total XP
 D = Non-vault monster count
 E = Vault monster count
 F = Vault count percentage of total count
                 A         B        C        D         E       F
            +---------+---------+-------+---------+---------+-------
      Total |   11830 |    6105 |  34.0 |     210 |      63 |  23.1
            +---------+---------+-------+---------+---------+-------
        D:1 |      60 |       0 |   0.0 |      25 |       0 |   0.0
        D:2 |      95 |       0 |   0.0 |      20 |       0 |   0.0
        D:3 |     177 |      72 |  28.9 |      23 |       2 |   8.0
        D:4 |     444 |       0 |   0.0 |      13 |       0 |   0.0
        D:5 |     497 |     480 |  49.1 |      13 |       5 |  27.8
        D:6 |     826 |     166 |  16.7 |      25 |       1 |   3.8
        D:7 |     806 |    1016 |  55.8 |      12 |      21 |  63.6
        D:8 |     348 |    1002 |  74.2 |       8 |       1 |  11.1
        D:9 |    1201 |     135 |  10.1 |      24 |       6 |  20.0
       D:10 |    2033 |    1347 |  39.9 |      18 |      11 |  37.9
     Lair:1 |    3248 |    1887 |  36.7 |      18 |      16 |  47.1
     Lair:2 |    2095 |       0 |   0.0 |      11 |       0 |   0.0
            +---------+---------+-------+---------+---------+-------
